Rafales vs Royaux
(R1)
Created - April 6, 2020 at 19:01
Goals
|
Rafales |
1 |
0 |
4 |
5 |
Royaux |
3 |
0 |
1 |
4 |
|
Shots
|
Rafales |
6 |
8 |
13 |
27 |
Royaux |
13 |
8 |
8 |
29 |
|
1st period
1. Royaux , Nathan Gerbe 22 (Tye McGinn 43) at 4:01
2. Royaux , Lukas Krajicek 1 (Marko Dano 67, Danny Kristo 12) at 9:44 (PP)
3. Rafales , Andrew Shaw 45 (Nathan Davis 39) at 15:28 (PP)
4. Royaux , Brandon Pirri 18 (Nicholas Baptiste 8, Marcus Pettersson 19) at 19:52
Penalties :
Dylan McIlrath (Stf) for Hooking (Minor) at 9:30, Ben Hanowski (Cap) for High sticking (Minor) at 15:26, Nathan Davis (Stf) for Roughing (Minor) at 17:21
2nd period
No Goal
Penalties :
Rourke Chartier (Cap) for Roughing (Minor) at 1:37, Nathan Davis (Stf) for Interference (Minor) at 1:56, Anton Slepyshev (Cap) for Cross-checking (Minor) at 8:55, Nicholas Baptiste (Cap) for Tripping (Minor) at 12:14, Chris Terry (Stf) for Hooking (Minor) at 15:09
3rd period
5. Royaux , Danny Kristo 14 (Dylan Larkin 44, Marcus Pettersson 20) at 8:47 (PP)
6. Rafales , Tim Crowder 27 (Kevin Veilleux 23) at 9:18
7. Rafales , Joe Labate 7 (Tyrell Goulbourne 1) at 11:38
8. Rafales , Chris Terry 20 (Andrew Shaw 74, Nathan Davis 40) at 19:40
9. Rafales , Tyrell Goulbourne 3 (Borna Rendulic 11, Jayson Megna 15) at 19:53
Penalties :
Kevin Veilleux (Stf) for Tripping (Minor) at 4:06, Ben Sexton (Stf) for Hooking (Minor) at 8:30, Tyrell Goulbourne (Stf) for Hooking (Minor) at 14:58
Goalie Stats
Leland Irving (Stf), 25 saves from 29 shots - (0.862), W, 20-16-3, 59:22 minutes
Igor Shesterkin (Cap), 22 saves from 27 shots - (0.815), L, 10-10-2, 60:00 minutes
Players Stats for Rafales
Player Name G A P +/- PIM S H SB GA TA FO MP PP MP PK MP
------------------------------------------------------------------------------------
Akim Aliu 0 0 0 0 0 1 0 0 0 0 0/0 1:57 0:02 0:00
Andrew Shaw 1 1 2 1 0 3 1 0 1 0 4/10 23:00 2:29 4:27
Ben Johnson 0 0 0 0 0 0 0 0 0 0 0/0 3:00 0:00 2:30
Ben Sexton 0 0 0 0 2 0 0 0 0 0 0/0 3:33 0:00 1:17
Ben Thomson 0 0 0 0 0 0 3 0 0 0 0/0 14:18 1:48 0:31
Borna Rendulic 0 1 1 1 0 3 1 0 1 0 0/0 11:01 0:02 0:00
Brad Ross 0 0 0 0 0 1 2 1 0 0 0/0 10:09 0:00 2:27
Bruno Gervais 0 0 0 2 0 3 3 0 0 0 0/0 31:10 2:40 5:07
Chris Terry 1 0 1 1 2 1 3 0 1 0 0/0 17:26 2:29 0:00
Connor Murphy 0 0 0 1 0 1 1 2 3 0 0/0 30:04 2:23 4:47
David Broll 0 0 0 0 0 0 0 0 0 0 0/0 0:00 0:00 0:00
Dylan McIlrath 0 0 0 0 2 1 2 0 0 0 0/0 18:06 1:56 3:29
James Marcou 0 0 0 0 0 1 0 0 0 0 0/0 6:52 0:00 0:00
Jayson Megna 0 1 1 1 0 2 0 0 0 0 2/4 10:08 0:00 0:00
Joe Labate 1 0 1 0 0 3 2 0 0 0 2/2 6:52 0:00 0:00
Joey Laleggia 0 0 0 0 0 1 2 1 0 0 0/0 20:00 1:39 0:00
Julian Melchiori 0 0 0 0 0 0 0 0 0 0 0/0 0:22 0:00 0:00
Kevin Veilleux 0 1 1 0 2 1 2 1 0 0 4/10 15:00 1:48 1:06
Nathan Davis 0 2 2 1 4 1 1 1 1 0 12/28 20:57 2:28 3:14
Ryan Bourque 0 0 0 0 0 0 0 0 0 0 0/0 1:27 0:02 0:00
Slater Koekkoek 0 0 0 1 0 0 1 2 0 0 0/0 18:18 0:00 4:09
Tim Crowder 1 0 1 0 0 3 0 0 0 0 0/0 15:36 1:48 2:00
Tyrell Goulbourne 1 1 2 1 2 1 0 0 0 0 0/2 10:11 0:00 0:00
Players Stats for Royaux
Player Name G A P +/- PIM S H SB GA TA FO MP PP MP PK MP
------------------------------------------------------------------------------------
Anton Slepyshev 0 0 0 -1 2 2 3 0 0 0 0/0 10:26 0:00 0:00
Ben Hanowski 0 0 0 -2 2 2 1 0 0 0 0/0 18:11 3:40 1:14
Brandon Pirri 1 0 1 0 0 3 0 0 0 0 1/1 12:28 0:47 0:59
Brendan Woods 0 0 0 0 0 0 3 0 0 0 3/7 12:15 0:47 2:25
Danny Kristo 1 1 2 0 0 4 3 0 0 0 1/1 20:22 4:34 2:35
Dylan DeMelo 0 0 0 0 0 0 0 1 0 0 0/0 15:51 0:00 0:00
Dylan Larkin 0 1 1 0 0 1 3 0 0 0 15/28 18:36 4:17 0:00
Gord Baldwin 0 0 0 1 0 2 0 2 0 0 0/0 20:36 3:35 2:33
Haydn Fleury 0 0 0 -3 0 2 1 1 0 2 0/0 19:24 0:19 1:53
Lukas Krajicek 1 0 1 -2 0 1 1 1 0 0 0/0 22:30 5:11 1:46
Marcus Pettersson 0 2 2 1 0 1 0 1 0 1 0/0 19:50 5:11 0:40
Marko Dano 0 1 1 -1 0 3 4 1 0 2 1/1 20:34 4:19 1:14
Nathan Gerbe 1 0 1 -1 0 6 1 0 0 0 8/13 18:00 3:42 0:01
Nicholas Baptiste 0 1 1 1 2 0 1 1 0 0 0/0 8:17 0:30 0:00
Phil Oreskovic 0 0 0 -1 0 1 5 1 0 1 0/0 21:49 3:16 1:46
Rourke Chartier 0 0 0 -1 2 0 3 0 0 0 3/4 9:42 0:02 0:00
Sonny Milano 0 0 0 0 0 0 0 1 0 0 0/0 7:07 0:00 0:00
Tye McGinn 0 1 1 -1 0 1 4 0 0 1 0/1 17:59 3:40 0:10
3 Stars
1 - Andrew Shaw (Stf)
2 - Danny Kristo (Cap)
3 - Tyrell Goulbourne (Stf)
Power Play
Rafales - 1 on 4 Attempt(s) - 25.00%
Royaux - 2 on 7 Attempt(s) - 28.57%
Penalty Kill
Rafales - 5 on 7 Attempt(s) - 71.43%
- Score 0 goal in Penalty Kill
Royaux - 3 on 4 Attempt(s) - 75.00%
- Score 0 goal in Penalty Kill
Team Stat
Rafales - Hits : 24 - Faceoff Wins : 24 - Blocked Shots : 8 - Penalty Minutes : 14
Royaux - Hits : 33 - Faceoff Wins : 32 - Blocked Shots : 10 - Penalty Minutes : 8
Official
Referees : Unknown
Linesman : Unknown
Game Notes
Julian Melchiori is injured at 2:04 of 1st period (Bruised Left Leg)
Finance
Level 1 -- Attendance: 1631 (81.55%) -- Ticket Income $57,085
Level 2 -- Attendance: 708 (70.80%) -- Ticket Income $14,160
Total Attendance: 2339 (77.97%)
Total Ticket Income: $71,245
Other Income: $3,562
Total Income: $74,807
Rafales
5 vs 5 Forward
Center Left Wing Right Wing Time % Phy DF OF
1 Nathan Davis Chris Terry Andrew Shaw 40 1 2 2
2 Kevin Veilleux Ben Thomson Tim Crowder 30 1 2 2
3 Jayson Megna Tyrell Goulbourne Borna Rendulic 20 1 2 2
4 Joe Labate Brad Ross James Marcou 10 1 2 2
5 vs 5 Defense
Defense Defense Time % Phy DF OF
1 Connor Murphy Bruno Gervais 40 1 2 2
2 Julian Melchiori Dylan McIlrath 30 1 2 2
3 Joey Laleggia Slater Koekkoek 20 1 2 2
4 Connor Murphy Bruno Gervais 10 1 2 2
PowerPlay Forward
Center Left Wing Right Wing Time % Phy DF OF
1 Nathan Davis Chris Terry Andrew Shaw 60 1 2 2
2 Kevin Veilleux Ben Thomson Tim Crowder 40 1 2 2
PowerPlay Defense
Defense Defense Time % Phy DF OF
1 Connor Murphy Bruno Gervais 60 1 2 2
2 Julian Melchiori Dylan McIlrath 40 1 2 2
Penalty Kill 4 Players Forward
Center Wing Time % Phy DF OF
1 Andrew Shaw Nathan Davis 60 1 2 2
2 Tim Crowder Kevin Veilleux 40 1 2 2
Penalty Kill 4 Players Defense
Defense Defense Time % Phy DF OF
1 Connor Murphy Bruno Gervais 60 1 2 2
2 Julian Melchiori Dylan McIlrath 40 1 2 2
Penalty Kill - 3 Players Forward
Forward Time % Phy DF OF
1 Andrew Shaw 60 1 2 2
2 Nathan Davis 40 1 2 2
Penalty Kill - 3 Players Defense
Defense Defense Time % Phy DF OF
1 Connor Murphy Bruno Gervais 60 1 2 2
2 Julian Melchiori Dylan McIlrath 40 1 2 2
4 vs 4 Forward
Center Wing Time % Phy DF OF
1 Andrew Shaw Nathan Davis 60 1 2 2
2 Tim Crowder Kevin Veilleux 40 1 2 2
4 vs 4 Defense
Defense Defense Time % Phy DF OF
1 Connor Murphy Bruno Gervais 60 1 2 2
2 Julian Melchiori Dylan McIlrath 40 1 2 2
Last Minutes Offensive
Center Left Wing Right Wing Defense Defense
Nathan Davis Chris Terry Andrew Shaw Connor Murphy Bruno Gervais
Last Minutes Defensive
Center Left Wing Right Wing Defense Defense
Nathan Davis Chris Terry Andrew Shaw Connor Murphy Bruno Gervais
Goaltenders
Starting : Leland Irving
Backup : Jake Allen
Extra Forwards
Normal : Akim Aliu, Ryan Bourque, Ben Johnson - PP : Akim Aliu, Ryan Bourque - PK : Ben Johnson
Extra Defensemen
Normal : Joey Laleggia, Slater Koekkoek, Julian Melchiori - PP : Joey Laleggia - PK : Slater Koekkoek, Julian Melchiori
Penalty Shots
Andrew Shaw, Nathan Davis, Tim Crowder, Kevin Veilleux, Chris Terry
Scratches
Brian Ferlin (Healthy), Carl Klingberg (Healthy), Maksim Mayorov (Broken Right Foot Toe Injury), Chris Driedger (Healthy), Sean Maguire (Healthy)
Royaux
5 vs 5 Forward
Center Left Wing Right Wing Time % Phy DF OF
1 Dylan Larkin Marko Dano Danny Kristo 38 0 2 3
2 Nathan Gerbe Tye McGinn Ben Hanowski 35 0 2 3
3 Rourke Chartier Anton Slepyshev Brandon Pirri 17 0 2 3
4 Brendan Woods Sonny Milano Nicholas Baptiste 10 0 2 3
5 vs 5 Defense
Defense Defense Time % Phy DF OF
1 Lukas Krajicek Haydn Fleury 40 0 3 2
2 Marcus Pettersson Gord Baldwin 30 0 3 2
3 Phil Oreskovic Dylan DeMelo 15 0 3 2
4 Phil Oreskovic Dylan DeMelo 15 0 3 2
PowerPlay Forward
Center Left Wing Right Wing Time % Phy DF OF
1 Dylan Larkin Marko Dano Danny Kristo 60 0 1 4
2 Nathan Gerbe Tye McGinn Ben Hanowski 40 0 1 4
PowerPlay Defense
Defense Defense Time % Phy DF OF
1 Lukas Krajicek Marcus Pettersson 60 0 2 3
2 Phil Oreskovic Gord Baldwin 40 0 2 3
Penalty Kill 4 Players Forward
Center Wing Time % Phy DF OF
1 Brendan Woods Danny Kristo 60 0 4 1
2 Marko Dano Ben Hanowski 40 0 4 1
Penalty Kill 4 Players Defense
Defense Defense Time % Phy DF OF
1 Gord Baldwin Haydn Fleury 60 1 2 2
2 Phil Oreskovic Lukas Krajicek 40 1 2 2
Penalty Kill - 3 Players Forward
Forward Time % Phy DF OF
1 Brendan Woods 60 0 4 1
2 Ben Hanowski 40 0 4 1
Penalty Kill - 3 Players Defense
Defense Defense Time % Phy DF OF
1 Gord Baldwin Haydn Fleury 60 1 2 2
2 Phil Oreskovic Lukas Krajicek 40 1 2 2
4 vs 4 Forward
Center Wing Time % Phy DF OF
1 Nathan Gerbe Marko Dano 60 0 2 3
2 Dylan Larkin Tye McGinn 40 0 2 3
4 vs 4 Defense
Defense Defense Time % Phy DF OF
1 Gord Baldwin Haydn Fleury 60 0 3 2
2 Marcus Pettersson Phil Oreskovic 40 0 3 2
Last Minutes Offensive
Center Left Wing Right Wing Defense Defense
Dylan Larkin Marko Dano Tye McGinn Marcus Pettersson Phil Oreskovic
Last Minutes Defensive
Center Left Wing Right Wing Defense Defense
Marko Dano Brendan Woods Ben Hanowski Haydn Fleury Phil Oreskovic
Goaltenders
Starting : Igor Shesterkin
Backup : Olivier Roy
Extra Forwards
Normal : Marko Dano, Dylan Larkin, Nathan Gerbe - PP : Nathan Gerbe, Brandon Pirri - PK : Brandon Pirri
Extra Defensemen
Normal : Haydn Fleury, Marcus Pettersson, Phil Oreskovic - PP : Haydn Fleury - PK : Marcus Pettersson, Dylan DeMelo
Penalty Shots
Dylan Larkin, Nathan Gerbe, Tye McGinn, Sonny Milano, Marko Dano
Scratches
Vladislav Namestnikov (Healthy), Garrett Wilson (Healthy), Tanner Kero (Healthy), Greg McKegg (Healthy), Simon Despres (Lower Body Injury)
Konrad Abeltshauser (Healthy), Tomas Hyka (Healthy), Ian McCoshen (Healthy), Michael Bunting (Healthy), Ryan Mantha (Healthy)
Jack Ramsey (Healthy), Marcus Hogberg (Healthy), Hayden Hawkey (Healthy)
% Time on Ice - Rafales
Lines # - Real PCT - Wanted PCT - Time Play
Normal Forward
1 - 34% - 40% - 15:15
2 - 27% - 30% - 12:07
3 - 23% - 20% - 10:08
4 - 15% - 10% - 6:52
Normal Defense
1 - 39% - 40% - 17:25
2 - 36% - 30% - 16:03
3 - 20% - 20% - 8:53
4 - 5% - 10% - 2:01
PP Forward
1 - 58% - 60% - 2:31
2 - 42% - 40% - 1:48
PP Defense
1 - 55% - 60% - 2:23
2 - 45% - 40% - 1:56
PK Forward
1 - 77% - 60% - 6:46
2 - 23% - 40% - 2:00
PK Defense
1 - 48% - 60% - 4:14
2 - 52% - 40% - 4:32
PK3 Forward
1 - 0% - 60%
2 - 0% - 40%
PK3 Defense
1 - 0% - 60%
2 - 0% - 40%
44 Forward
1 - 100% - 60% - 1:40
2 - 0% - 40% - 0:00
44 Defense
1 - 49% - 60% - 0:49
2 - 51% - 40% - 0:51
Last Minute Offensive - 0:47
Last Minute Defensive - 0:06
Total
Forward - 60:00
Defense - 60:00
|
% Time on Ice - Royaux
Lines # - Real PCT - Wanted PCT - Time Play
Normal Forward
1 - 33% - 38% - 14:45
2 - 29% - 35% - 12:53
3 - 22% - 17% - 9:36
4 - 16% - 10% - 7:07
Normal Defense
1 - 38% - 40% - 16:41
2 - 28% - 30% - 12:18
3 - 18% - 15% - 7:59
4 - 17% - 15% - 7:23
PP Forward
1 - 58% - 60% - 5:06
2 - 42% - 40% - 3:40
PP Defense
1 - 63% - 60% - 5:30
2 - 37% - 40% - 3:16
PK Forward
1 - 71% - 60% - 3:05
2 - 29% - 40% - 1:14
PK Defense
1 - 59% - 60% - 2:33
2 - 41% - 40% - 1:46
PK3 Forward
1 - 0% - 60%
2 - 0% - 40%
PK3 Defense
1 - 0% - 60%
2 - 0% - 40%
44 Forward
1 - 80% - 60% - 1:20
2 - 20% - 40% - 0:20
44 Defense
1 - 68% - 60% - 1:08
2 - 32% - 40% - 0:32
Last Minute Offensive - 0:06
Last Minute Defensive - 0:48
Total
Forward - 60:00
Defense - 60:00
|
Play-by-Play
1st period
0:01 of 1st period - Dylan Larkin wins face-off versus Nathan Davis in neutral zone.
0:10 of 1st period - Wrist shot by Marko Dano.
0:10 of 1st period - Deflect By Danny Kristo.
0:10 of 1st period - Stopped by Leland Irving with a rebound.
0:12 of 1st period - Slapshot by Haydn Fleury.
0:12 of 1st period - Shot Misses the Net.
1:33 of 1st period - Slapshot by Connor Murphy.
1:33 of 1st period - Deflect By Lukas Krajicek.
1:33 of 1st period - Stopped by Igor Shesterkin with a rebound.
1:35 of 1st period - Wrist shot by James Marcou.
1:35 of 1st period - Shot Misses the Net.
2:03 of 1st period - Julian Melchiori is hit by Phil Oreskovic and loses puck.
2:04 of 1st period - Julian Melchiori from Rafales is injured at 2:04 of 1st period (Bruised Left Leg).
2:05 of 1st period - Nathan Davis wins face-off versus Nathan Gerbe in Rafales zone.
3:00 of 1st period - Snap shot by Brandon Pirri.
3:00 of 1st period - Stopped by Leland Irving without a rebound.
3:01 of 1st period - Nathan Gerbe wins face-off versus Andrew Shaw in Rafales zone.
3:29 of 1st period - Wrist shot by Kevin Veilleux.
3:29 of 1st period - Stopped by Igor Shesterkin without a rebound.
3:30 of 1st period - Dylan Larkin wins face-off versus Kevin Veilleux in Royaux zone.
4:01 of 1st period - Slapshot by Nathan Gerbe.
4:01 of 1st period - Goal by Nathan Gerbe - Rafales : 0 - Royaux : 1.
4:02 of 1st period - Nathan Davis wins face-off versus Dylan Larkin in neutral zone.
4:11 of 1st period - Joey Laleggia is hit by Phil Oreskovic and loses puck.
5:11 of 1st period - Bruno Gervais is hit by Anton Slepyshev and loses puck.
5:28 of 1st period - Slapshot by Andrew Shaw.
5:28 of 1st period - Stopped by Igor Shesterkin without a rebound.
5:29 of 1st period - Dylan Larkin wins face-off versus Nathan Davis in Royaux zone.
5:42 of 1st period - Wrist shot by Marko Dano.
5:42 of 1st period - Stopped by Leland Irving with a rebound.
5:54 of 1st period - Joey Laleggia is hit by Tye McGinn and loses puck.
6:17 of 1st period - Snap shot by James Marcou.
6:17 of 1st period - Shot Misses the Net.
6:40 of 1st period - Slapshot by Ben Thomson.
6:40 of 1st period - Shot Misses the Net.
6:54 of 1st period - Bruno Gervais is hit by Danny Kristo and loses puck.
7:05 of 1st period - Snap shot by Marko Dano.
7:05 of 1st period - Stopped by Leland Irving with a rebound.
7:42 of 1st period - Bruno Gervais is hit by Rourke Chartier and loses puck.
8:07 of 1st period - Slapshot by Tim Crowder.
8:07 of 1st period - Shot Blocked by Phil Oreskovic.
8:22 of 1st period - Dylan DeMelo is hit by Joey Laleggia and loses puck.
9:02 of 1st period - Wrist shot by Anton Slepyshev.
9:02 of 1st period - Shot Blocked by Brad Ross.
9:18 of 1st period - Slapshot by Dylan Larkin.
9:18 of 1st period - Shot Blocked by Slater Koekkoek.
9:20 of 1st period - Slapshot by Gord Baldwin.
9:20 of 1st period - Deflect By Joey Laleggia.
9:20 of 1st period - Stopped by Leland Irving without a rebound.
9:21 of 1st period - Dylan Larkin wins face-off versus Nathan Davis in Rafales zone.
9:28 of 1st period - Wrist shot by Danny Kristo.
9:28 of 1st period - Shot Misses the Net.
9:30 of 1st period - Minor Penalty to Dylan McIlrath for Hooking.
9:31 of 1st period - Dylan Larkin wins face-off versus Andrew Shaw in Rafales zone.
9:38 of 1st period - Wrist shot by Marko Dano.
9:38 of 1st period - Stopped by Leland Irving without a rebound.
9:39 of 1st period - Dylan Larkin wins face-off versus Andrew Shaw in Rafales zone.
9:42 of 1st period - Snap shot by Marko Dano.
9:42 of 1st period - Shot Misses the Net.
9:44 of 1st period - Slapshot by Lukas Krajicek.
9:44 of 1st period - Goal by Lukas Krajicek - Rafales : 0 - Royaux : 2.
9:45 of 1st period - Nathan Davis wins face-off versus Nathan Gerbe in neutral zone.
10:37 of 1st period - Bruno Gervais is hit by Rourke Chartier and loses puck.
11:35 of 1st period - Slapshot by Borna Rendulic.
11:35 of 1st period - Shot Misses the Net.
11:41 of 1st period - Slater Koekkoek is hit by Nathan Gerbe and loses puck.
12:04 of 1st period - Snap shot by Ben Hanowski.
12:04 of 1st period - Shot Misses the Net.
12:06 of 1st period - Slapshot by Phil Oreskovic.
12:06 of 1st period - Stopped by Leland Irving with a rebound.
12:12 of 1st period - Wrist shot by Nathan Gerbe.
12:12 of 1st period - Stopped by Leland Irving with a rebound.
12:32 of 1st period - Snap shot by Borna Rendulic.
12:32 of 1st period - Deflect By Jayson Megna.
12:32 of 1st period - Stopped by Igor Shesterkin without a rebound.
12:33 of 1st period - Dylan Larkin wins face-off versus Nathan Davis in Royaux zone.
12:33 of 1st period - Dylan Larkin is hit by Nathan Davis.
12:45 of 1st period - Andrew Shaw is hit by Marko Dano and loses puck.
13:54 of 1st period - Kevin Veilleux is hit by Anton Slepyshev and loses puck.
14:13 of 1st period - Backhand shot by Joe Labate.
14:13 of 1st period - Shot Misses the Net.
15:09 of 1st period - Snap shot by Joe Labate.
15:09 of 1st period - Stopped by Igor Shesterkin without a rebound.
15:10 of 1st period - Joe Labate wins face-off versus Dylan Larkin in Royaux zone.
15:11 of 1st period - Snap shot by James Marcou.
15:11 of 1st period - Shot Misses the Net.
15:26 of 1st period - Minor Penalty to Ben Hanowski for High sticking.
15:27 of 1st period - Nathan Davis wins face-off versus Brendan Woods in Royaux zone.
15:28 of 1st period - Wrist shot by Andrew Shaw.
15:28 of 1st period - Goal by Andrew Shaw - Rafales : 1 - Royaux : 2.
15:29 of 1st period - Dylan Larkin wins face-off versus Nathan Davis in neutral zone.
15:33 of 1st period - Off-side.
15:34 of 1st period - Andrew Shaw wins face-off versus Dylan Larkin in neutral zone.
16:09 of 1st period - Wrist shot by Ben Hanowski.
16:09 of 1st period - Shot Blocked by Connor Murphy.
16:18 of 1st period - Icing by Bruno Gervais.
16:19 of 1st period - Jayson Megna wins face-off versus Rourke Chartier in Rafales zone.
16:19 of 1st period - Jayson Megna is hit by Phil Oreskovic.
16:55 of 1st period - Snap shot by Connor Murphy.
16:55 of 1st period - Shot Misses the Net.
17:12 of 1st period - Snap shot by Tye McGinn.
17:12 of 1st period - Stopped by Leland Irving without a rebound.
17:13 of 1st period - Nathan Gerbe wins face-off versus Nathan Davis in Rafales zone.
17:21 of 1st period - Minor Penalty to Nathan Davis for Roughing.
17:22 of 1st period - Andrew Shaw wins face-off versus Dylan Larkin in Rafales zone.
17:22 of 1st period - Andrew Shaw is hit by Danny Kristo.
17:51 of 1st period - Slapshot by Ben Hanowski.
17:51 of 1st period - Stopped by Leland Irving with a rebound.
18:39 of 1st period - Bruno Gervais is hit by Marko Dano and loses puck.
19:21 of 1st period - Penalty to Nathan Davis is over, Nathan Davis is back on ice.
19:30 of 1st period - Slater Koekkoek is hit by Nicholas Baptiste.
19:36 of 1st period - Brendan Woods is hit by Borna Rendulic and loses puck.
19:52 of 1st period - Slapshot by Nicholas Baptiste.
19:52 of 1st period - Deflect By Brandon Pirri.
19:52 of 1st period - Goal by Brandon Pirri - Rafales : 1 - Royaux : 3.
19:53 of 1st period - Nathan Gerbe wins face-off versus Kevin Veilleux in neutral zone.
19:56 of 1st period - Tim Crowder is hit by Ben Hanowski and loses puck.
Goals for this period are 1 for Rafales vs 3 for Royaux.
Shots for this period are 6 for Rafales vs 13 for Royaux.
2nd period
0:01 of 2nd period - Nathan Davis wins face-off versus Dylan Larkin in neutral zone.
0:31 of 2nd period - Snap shot by Nathan Gerbe.
0:31 of 2nd period - Stopped by Leland Irving with a rebound.
0:33 of 2nd period - Slapshot by Haydn Fleury.
0:33 of 2nd period - Stopped by Leland Irving without a rebound.
0:34 of 2nd period - Nathan Gerbe wins face-off versus Kevin Veilleux in Rafales zone.
1:25 of 2nd period - Wrist shot by Borna Rendulic.
1:25 of 2nd period - Shot Misses the Net.
1:27 of 2nd period - Slapshot by Joey Laleggia.
1:27 of 2nd period - Stopped by Igor Shesterkin with a rebound.
1:29 of 2nd period - Snap shot by Tyrell Goulbourne.
1:29 of 2nd period - Shot Misses the Net.
1:31 of 2nd period - Slapshot by Joey Laleggia.
1:31 of 2nd period - Shot Misses the Net.
1:37 of 2nd period - Minor Penalty to Rourke Chartier for Roughing.
1:38 of 2nd period - Nathan Davis wins face-off versus Brendan Woods in Royaux zone.
1:56 of 2nd period - Minor Penalty to Nathan Davis for Interference.
1:57 of 2nd period - Nathan Gerbe wins face-off versus Andrew Shaw in Rafales zone.
2:23 of 2nd period - Haydn Fleury is hit by Bruno Gervais and loses puck.
3:37 of 2nd period - Penalty to Rourke Chartier is over, Rourke Chartier is back on ice.
3:44 of 2nd period - Brendan Woods is hit by Dylan McIlrath.
3:56 of 2nd period - Penalty to Nathan Davis is over, Nathan Davis is back on ice.
4:02 of 2nd period - Haydn Fleury is hit by Brad Ross and loses puck.
4:09 of 2nd period - Wrist shot by Nathan Davis.
4:09 of 2nd period - Stopped by Igor Shesterkin without a rebound.
4:10 of 2nd period - Kevin Veilleux wins face-off versus Brendan Woods in Royaux zone.
5:40 of 2nd period - Borna Rendulic is hit by Tye McGinn and loses puck.
5:55 of 2nd period - Snap shot by Tim Crowder.
5:55 of 2nd period - Shot Misses the Net.
6:01 of 2nd period - Kevin Veilleux is hit by Dylan Larkin and loses puck.
6:22 of 2nd period - Gord Baldwin is hit by Chris Terry and loses puck.
6:29 of 2nd period - Andrew Shaw is hit by Anton Slepyshev and loses puck.
6:42 of 2nd period - Wrist shot by Nathan Gerbe.
6:42 of 2nd period - Stopped by Leland Irving without a rebound.
6:43 of 2nd period - Jayson Megna wins face-off versus Tye McGinn in Rafales zone.
6:54 of 2nd period - Snap shot by Borna Rendulic.
6:54 of 2nd period - Shot Blocked by Gord Baldwin.
6:56 of 2nd period - Wrist shot by Bruno Gervais.
6:56 of 2nd period - Stopped by Igor Shesterkin with a rebound.
7:36 of 2nd period - Wrist shot by Joe Labate.
7:36 of 2nd period - Deflect By James Marcou.
7:36 of 2nd period - Stopped by Igor Shesterkin with a rebound.
7:38 of 2nd period - Wrist shot by Joe Labate.
7:38 of 2nd period - Shot Blocked by Marko Dano.
8:19 of 2nd period - Snap shot by Jayson Megna.
8:19 of 2nd period - Stopped by Igor Shesterkin with a rebound.
8:53 of 2nd period - Slapshot by Joe Labate.
8:53 of 2nd period - Shot Misses the Net.
8:55 of 2nd period - Minor Penalty to Anton Slepyshev for Cross-checking.
8:56 of 2nd period - Brendan Woods wins face-off versus Nathan Davis in Royaux zone.
9:01 of 2nd period - Nathan Davis is hit by Haydn Fleury and loses puck.
9:22 of 2nd period - Brendan Woods is hit by Ben Thomson and loses puck.
10:26 of 2nd period - Lukas Krajicek is hit by Andrew Shaw and loses puck.
10:55 of 2nd period - Penalty to Anton Slepyshev is over, Anton Slepyshev is back on ice.
11:11 of 2nd period - Snap shot by Anton Slepyshev.
11:11 of 2nd period - Stopped by Leland Irving with a rebound.
11:19 of 2nd period - Snap shot by Anton Slepyshev.
11:19 of 2nd period - Stopped by Leland Irving with a rebound.
11:41 of 2nd period - Snap shot by Borna Rendulic.
11:41 of 2nd period - Shot Blocked by Haydn Fleury.
11:43 of 2nd period - Slapshot by Joey Laleggia.
11:43 of 2nd period - Shot Blocked by Gord Baldwin.
11:45 of 2nd period - Slapshot by Dylan McIlrath.
11:45 of 2nd period - Deflect By Akim Aliu.
11:45 of 2nd period - Stopped by Igor Shesterkin without a rebound.
11:46 of 2nd period - Joe Labate wins face-off versus Brendan Woods in Royaux zone.
12:14 of 2nd period - Minor Penalty to Nicholas Baptiste for Tripping.
12:15 of 2nd period - Brendan Woods wins face-off versus Nathan Davis in Royaux zone.
13:00 of 2nd period - Joey Laleggia is hit by Danny Kristo and loses puck.
13:13 of 2nd period - Marko Dano is hit by Joey Laleggia and loses puck.
13:26 of 2nd period - Icing by Nathan Davis.
13:27 of 2nd period - Brandon Pirri wins face-off versus Nathan Davis in Rafales zone.
14:14 of 2nd period - Penalty to Nicholas Baptiste is over, Nicholas Baptiste is back on ice.
14:35 of 2nd period - Wrist shot by Ben Hanowski.
14:35 of 2nd period - Stopped by Leland Irving with a rebound.
14:47 of 2nd period - Joe Labate is hit by Rourke Chartier and loses puck.
14:56 of 2nd period - Phil Oreskovic is hit by Joe Labate.
15:09 of 2nd period - Minor Penalty to Chris Terry for Hooking.
15:10 of 2nd period - Andrew Shaw wins face-off versus Dylan Larkin in Rafales zone.
15:35 of 2nd period - Nathan Davis is hit by Tye McGinn and loses puck.
16:46 of 2nd period - Dylan Larkin is hit by Brad Ross and loses puck.
17:09 of 2nd period - Penalty to Chris Terry is over, Chris Terry is back on ice.
17:15 of 2nd period - Snap shot by Borna Rendulic.
17:15 of 2nd period - Shot Misses the Net.
17:44 of 2nd period - Joey Laleggia is hit by Brendan Woods and loses puck.
18:31 of 2nd period - Off-side.
18:32 of 2nd period - Brendan Woods wins face-off versus Nathan Davis in neutral zone.
19:02 of 2nd period - Dylan Larkin is hit by Ben Thomson.
19:21 of 2nd period - Snap shot by Borna Rendulic.
19:21 of 2nd period - Stopped by Igor Shesterkin without a rebound.
19:22 of 2nd period - Nathan Gerbe wins face-off versus Nathan Davis in Royaux zone.
19:22 of 2nd period - Nathan Gerbe is hit by Slater Koekkoek.
19:30 of 2nd period - Slapshot by Gord Baldwin.
19:30 of 2nd period - Shot Misses the Net.
19:32 of 2nd period - Wrist shot by Nathan Gerbe.
19:32 of 2nd period - Shot Hit the Post.
19:34 of 2nd period - Slapshot by Ben Hanowski.
19:34 of 2nd period - Shot Blocked by Slater Koekkoek.
19:36 of 2nd period - Slapshot by Haydn Fleury.
19:36 of 2nd period - Stopped by Leland Irving with a rebound.
19:38 of 2nd period - Snap shot by Ben Hanowski.
19:38 of 2nd period - Deflect By Nathan Gerbe.
19:38 of 2nd period - Shot Blocked by Nathan Davis.
19:38 of 2nd period - Puck is out of play.
19:39 of 2nd period - Dylan Larkin wins face-off versus Kevin Veilleux in Rafales zone.
19:46 of 2nd period - Slapshot by Danny Kristo.
19:46 of 2nd period - Stopped by Leland Irving without a rebound.
19:47 of 2nd period - Kevin Veilleux wins face-off versus Dylan Larkin in Rafales zone.
19:47 of 2nd period - Kevin Veilleux is hit by Dylan Larkin.
19:53 of 2nd period - Slapshot by Bruno Gervais.
19:53 of 2nd period - Stopped by Igor Shesterkin without a rebound.
19:54 of 2nd period - Nathan Davis wins face-off versus Dylan Larkin in Royaux zone.
Goals for this period are 0 for Rafales vs 0 for Royaux.
Shots for this period are 8 for Rafales vs 8 for Royaux.
3rd period
0:01 of 3rd period - Nathan Davis wins face-off versus Nathan Gerbe in neutral zone.
0:14 of 3rd period - Snap shot by Nathan Gerbe.
0:14 of 3rd period - Stopped by Leland Irving without a rebound.
0:15 of 3rd period - Kevin Veilleux wins face-off versus Dylan Larkin in Rafales zone.
0:40 of 3rd period - Tye McGinn is hit by Chris Terry.
0:44 of 3rd period - Bruno Gervais is hit by Tye McGinn and loses puck.
1:23 of 3rd period - Slapshot by Bruno Gervais.
1:23 of 3rd period - Stopped by Igor Shesterkin with a rebound.
1:25 of 3rd period - Snap shot by Bruno Gervais.
1:25 of 3rd period - Shot Blocked by Sonny Milano.
1:27 of 3rd period - Wrist shot by Brad Ross.
1:27 of 3rd period - Stopped by Igor Shesterkin with a rebound.
1:29 of 3rd period - Backhand shot by James Marcou.
1:29 of 3rd period - Shot Blocked by Nicholas Baptiste.
1:51 of 3rd period - Joey Laleggia is hit by Dylan Larkin and loses puck.
2:02 of 3rd period - Wrist shot by Ben Hanowski.
2:02 of 3rd period - Shot Misses the Net.
2:04 of 3rd period - Slapshot by Marcus Pettersson.
2:04 of 3rd period - Stopped by Leland Irving with a rebound.
2:06 of 3rd period - Snap shot by Marcus Pettersson.
2:06 of 3rd period - Shot Blocked by Joey Laleggia.
2:08 of 3rd period - Slapshot by Gord Baldwin.
2:08 of 3rd period - Deflect By Nathan Davis.
2:08 of 3rd period - Stopped by Leland Irving without a rebound.
2:09 of 3rd period - Nathan Davis wins face-off versus Nathan Gerbe in Rafales zone.
2:36 of 3rd period - Marcus Pettersson is hit by Dylan McIlrath and loses puck.
2:45 of 3rd period - Wrist shot by Danny Kristo.
2:45 of 3rd period - Shot Hit the Post.
4:06 of 3rd period - Minor Penalty to Kevin Veilleux for Tripping.
4:07 of 3rd period - Dylan Larkin wins face-off versus Andrew Shaw in Rafales zone.
6:06 of 3rd period - Penalty to Kevin Veilleux is over, Kevin Veilleux is back on ice.
6:06 of 3rd period - Tim Crowder is hit by Phil Oreskovic and loses puck.
6:27 of 3rd period - Tyrell Goulbourne is hit by Phil Oreskovic.
6:37 of 3rd period - Nathan Davis is hit by Brendan Woods and loses puck.
8:19 of 3rd period - James Marcou is hit by Lukas Krajicek and loses puck.
8:30 of 3rd period - Minor Penalty to Ben Sexton for Hooking.
8:31 of 3rd period - Andrew Shaw wins face-off versus Dylan Larkin in Rafales zone.
8:31 of 3rd period - Andrew Shaw is hit by Marko Dano.
8:45 of 3rd period - Wrist shot by Dylan Larkin.
8:45 of 3rd period - Stopped by Leland Irving with a rebound.
8:47 of 3rd period - Snap shot by Danny Kristo.
8:47 of 3rd period - Goal by Danny Kristo - Rafales : 1 - Royaux : 4.
8:48 of 3rd period - Nathan Davis wins face-off versus Dylan Larkin in neutral zone.
9:13 of 3rd period - Ben Hanowski is hit by Connor Murphy and loses puck.
9:18 of 3rd period - Wrist shot by Tim Crowder.
9:18 of 3rd period - Goal by Tim Crowder - Rafales : 2 - Royaux : 4.
9:19 of 3rd period - Dylan Larkin wins face-off versus Nathan Davis in neutral zone.
9:31 of 3rd period - Icing by Connor Murphy.
9:32 of 3rd period - Dylan Larkin wins face-off versus Nathan Davis in Rafales zone.
10:19 of 3rd period - Snap shot by Borna Rendulic.
10:19 of 3rd period - Stopped by Igor Shesterkin with a rebound.
10:44 of 3rd period - Sonny Milano is hit by Joe Labate and loses puck.
10:49 of 3rd period - Wrist shot by Joe Labate.
10:49 of 3rd period - Stopped by Igor Shesterkin without a rebound.
10:50 of 3rd period - Nathan Davis wins face-off versus Dylan Larkin in Royaux zone.
11:17 of 3rd period - Nathan Gerbe is hit by Kevin Veilleux and loses puck.
11:22 of 3rd period - Slapshot by Tim Crowder.
11:22 of 3rd period - Shot Misses the Net.
11:24 of 3rd period - Slapshot by Dylan McIlrath.
11:24 of 3rd period - Stopped by Igor Shesterkin with a rebound.
11:38 of 3rd period - Snap shot by Joe Labate.
11:38 of 3rd period - Goal by Joe Labate - Rafales : 3 - Royaux : 4.
11:39 of 3rd period - Dylan Larkin wins face-off versus Nathan Davis in neutral zone.
13:14 of 3rd period - Icing by Dylan DeMelo.
13:15 of 3rd period - Dylan Larkin wins face-off versus Nathan Davis in Royaux zone.
13:15 of 3rd period - Dylan Larkin is hit by Bruno Gervais.
13:43 of 3rd period - Snap shot by Andrew Shaw.
13:43 of 3rd period - Shot Blocked by Dylan DeMelo.
13:53 of 3rd period - Marko Dano is hit by Bruno Gervais and loses puck.
14:14 of 3rd period - Wrist shot by Dylan Larkin.
14:14 of 3rd period - Shot Misses the Net.
14:20 of 3rd period - Wrist shot by Danny Kristo.
14:20 of 3rd period - Stopped by Leland Irving with a rebound.
14:22 of 3rd period - Slapshot by Dylan DeMelo.
14:22 of 3rd period - Shot Misses the Net.
14:24 of 3rd period - Slapshot by Dylan DeMelo.
14:24 of 3rd period - Shot Blocked by Connor Murphy.
14:38 of 3rd period - Slapshot by Dylan Larkin.
14:38 of 3rd period - Deflect By Danny Kristo.
14:38 of 3rd period - Shot Misses the Net.
14:38 of 3rd period - Puck is out of play.
14:39 of 3rd period - Nathan Gerbe wins face-off versus Kevin Veilleux in Rafales zone.
14:52 of 3rd period - Wrist shot by Nathan Gerbe.
14:52 of 3rd period - Shot Misses the Net.
14:54 of 3rd period - Wrist shot by Nathan Gerbe.
14:54 of 3rd period - Stopped by Leland Irving without a rebound.
14:55 of 3rd period - Rourke Chartier wins face-off versus Jayson Megna in Rafales zone.
14:56 of 3rd period - Wrist shot by Brandon Pirri.
14:56 of 3rd period - Stopped by Leland Irving with a rebound.
14:58 of 3rd period - Minor Penalty to Tyrell Goulbourne for Hooking.
14:59 of 3rd period - Nathan Gerbe wins face-off versus Andrew Shaw in Rafales zone.
15:02 of 3rd period - Snap shot by Nathan Gerbe.
15:02 of 3rd period - Shot Misses the Net.
16:50 of 3rd period - Slater Koekkoek is hit by Brendan Woods and loses puck.
16:58 of 3rd period - Penalty to Tyrell Goulbourne is over, Tyrell Goulbourne is back on ice.
17:13 of 3rd period - Snap shot by Tim Crowder.
17:13 of 3rd period - Stopped by Igor Shesterkin with a rebound.
17:15 of 3rd period - Snap shot by Connor Murphy.
17:15 of 3rd period - Shot Misses the Net.
17:17 of 3rd period - Slapshot by Borna Rendulic.
17:17 of 3rd period - Shot Misses the Net.
17:19 of 3rd period - Wrist shot by Borna Rendulic.
17:19 of 3rd period - Stopped by Igor Shesterkin without a rebound.
17:20 of 3rd period - Dylan Larkin wins face-off versus Jayson Megna in Royaux zone.
17:30 of 3rd period - Off-side.
17:31 of 3rd period - Kevin Veilleux wins face-off versus Nathan Gerbe in neutral zone.
17:38 of 3rd period - Slapshot by Tim Crowder.
17:38 of 3rd period - Stopped by Igor Shesterkin with a rebound.
17:40 of 3rd period - Wrist shot by Ben Thomson.
17:40 of 3rd period - Shot Misses the Net.
17:42 of 3rd period - Snap shot by Ben Thomson.
17:42 of 3rd period - Shot Misses the Net.
17:44 of 3rd period - Snap shot by Ben Thomson.
17:44 of 3rd period - Shot Blocked by Lukas Krajicek.
17:46 of 3rd period - Slapshot by Dylan McIlrath.
17:46 of 3rd period - Deflect By Ben Thomson.
17:46 of 3rd period - Shot Misses the Net.
17:46 of 3rd period - Puck is out of play.
17:47 of 3rd period - Rourke Chartier wins face-off versus Tyrell Goulbourne in Royaux zone.
18:14 of 3rd period - Bruno Gervais is hit by Marko Dano and loses puck.
18:32 of 3rd period - Icing by Dylan Larkin.
18:33 of 3rd period - Danny Kristo wins face-off versus Kevin Veilleux in Royaux zone.
18:33 of 3rd period - Danny Kristo is hit by Ben Thomson.
18:36 of 3rd period - Dylan Larkin is hit by Kevin Veilleux and loses puck.
18:49 of 3rd period - Snap shot by Anton Slepyshev.
18:49 of 3rd period - Shot Blocked by Kevin Veilleux.
18:59 of 3rd period - Haydn Fleury is hit by Chris Terry and loses puck.
19:02 of 3rd period - Rafales, Leland Irving is pulled from the net.
19:10 of 3rd period - Backhand shot by Andrew Shaw.
19:10 of 3rd period - Shot Misses the Net.
19:28 of 3rd period - Slapshot by Andrew Shaw.
19:28 of 3rd period - Stopped by Igor Shesterkin without a rebound.
19:29 of 3rd period - Paul MacLean call a timeout for Rafales.
19:29 of 3rd period - Marko Dano wins face-off versus Nathan Davis in Royaux zone.
19:38 of 3rd period - Snap shot by Andrew Shaw.
19:38 of 3rd period - Shot Misses the Net.
19:40 of 3rd period - Wrist shot by Chris Terry.
19:40 of 3rd period - Goal by Chris Terry - Rafales : 4 - Royaux : 4.
19:40 of 3rd period - Leland Irving from Rafales was sent back in the game.
19:41 of 3rd period - Rourke Chartier wins face-off versus Tyrell Goulbourne in neutral zone.
19:51 of 3rd period - Wrist shot by Borna Rendulic.
19:51 of 3rd period - Shot Misses the Net.
19:53 of 3rd period - Wrist shot by Tyrell Goulbourne.
19:53 of 3rd period - Goal by Tyrell Goulbourne - Rafales : 5 - Royaux : 4.
19:54 of 3rd period - Nathan Davis wins face-off versus Dylan Larkin in neutral zone.
19:59 of 3rd period - Slapshot by Andrew Shaw.
19:59 of 3rd period - Shot Blocked by Marcus Pettersson.
Goals for this period are 4 for Rafales vs 1 for Royaux.
Shots for this period are 13 for Rafales vs 8 for Royaux.
Back to the Top